[Event "Philadelphia International"]
[Site "Philadelphia"]
[Date "2012.07.02"]
[Round "8.2"]
[White "Panjwani, Raja"]
[Black "Romanov, Evgeny"]
[Result "0-1"]
[ECO "A36"]
[WhiteElo "2416"]
[BlackElo "2631"]
[PlyCount "96"]
[EventDate "2012.07.??"]
[EventType "swiss"]
[EventRounds "9"]
[EventCountry "USA"]
[Source "MonRoi"]
[TimeControl "5400+1890"]
[WhiteClock "0:39:43"]
[BlackClock "0:39:56"]

1. c4 c5 2. Nc3 Nc6 3. g3 g6 4. Bg2 Bg7 5. e3 e5 6. Nge2 Nge7 7. O-O O-O 8. b3
d6 9. Bb2 a6 10. d3 Rb8 11. Qd2 b5 12. Rfd1 Qb6 13. Rac1 Bb7 14. Ba1 Rbd8 15.
f4 b4 16. Nd5 Nxd5 17. Bxd5 Ne7 18. Bxb7 Qxb7 19. Qe1 Rde8 20. Qf2 a5 21. g4 f5
22. g5 Nc6 23. d4 cxd4 24. exd4 exf4 25. d5 Ne5 26. Bxe5 Bxe5 27. Nxf4 Bxf4 28.
Qxf4 Qb6+ 29. Qf2 Qd8 30. h4 Re4 31. Re1 Qe7 32. Rxe4 fxe4 33. Qg2 e3 34. Rf1
e2 35. Rxf8+ Kxf8 36. Qf2+ Ke8 37. Qe1 Qe3+ 38. Kg2 Kd7 39. Kh2 Kc8 40. Kg2 Kb7
41. Kh2 Kb6 42. Kg2 Kc5 43. Kh2 Kd4 44. Kg2 Kd3 45. Qb1+ Kc3 46. Qe1+ Kb2 47.
c5 Qxc5 48. Qxe2+ Qc2 0-1

[Event "Philadelphia International"]
[Site "Philadelphia"]
[Date "2012.07.02"]
[Round "8.5"]
[White "Sethuraman, S."]
[Black "Smith, Bryan"]
[Result "1/2-1/2"]
[ECO "A40"]
[WhiteElo "2546"]
[BlackElo "2444"]
[PlyCount "61"]
[EventDate "2012.07.??"]
[EventType "swiss"]
[EventRounds "9"]
[EventCountry "USA"]
[Source "MonRoi"]
[TimeControl "6000+1130"]
[WhiteClock "0:15:28"]
[BlackClock "0:13:19"]

1. e4 c5 2. Nf3 g6 3. d4 Bg7 4. c4 Qb6 5. Nc3 cxd4 6. Nd5 Qa5+ 7. Bd2 Qd8 8.
Bf4 d6 9. Nxd4 Nf6 10. Nxf6+ Bxf6 11. Be3 Qa5+ 12. Qd2 Qxd2+ 13. Kxd2 Nc6 14.
Nb5 O-O 15. Nc3 Bg7 16. Be2 f5 17. exf5 Bxf5 18. Rac1 Nd4 19. Rhd1 Bd7 20. Bd3
Bc6 21. f3 a5 22. Ke1 Nf5 23. Bxf5 Rxf5 24. Kf2 a4 25. Rc2 g5 26. h3 h5 27. Kg1
Kf7 28. Ne2 Be5 29. Nd4 Bxd4 30. Rxd4 Rg8 31. Rd1 1/2-1/2

[Event "Philadelphia International"]
[Site "Philadelphia"]
[Date "2012.07.02"]
[Round "8.6"]
[White "Ippolito, Dean"]
[Black "Evdokimov, Alexander"]
[Result "1-0"]
[ECO "D76"]
[WhiteElo "2432"]
[BlackElo "2544"]
[PlyCount "53"]
[EventDate "2012.07.??"]
[EventType "swiss"]
[EventRounds "9"]
[EventCountry "USA"]
[Source "MonRoi"]
[TimeControl "6000+2570"]
[WhiteClock "0:22:13"]
[BlackClock "0:04:13"]

1. d4 Nf6 2. c4 g6 3. Nf3 Bg7 4. g3 O-O 5. Bg2 d5 6. cxd5 Nxd5 7. O-O Nb6 8.
Nc3 Nc6 9. d5 Na5 10. Qc2 Bd7 11. Rd1 Qc8 12. Bg5 Re8 13. Rac1 Bf5 14. e4 Bg4
15. Na4 Nac4 16. Nxb6 Nxb6 17. Qxc7 Bxb2 18. Qf4 Qd7 19. Rc7 Qa4 20. Rd2 Bxf3
21. Bxf3 Qxa2 22. d6 Qa1+ 23. Rd1 Qa4 24. Bxe7 Nd7 25. e5 Qb5 26. Rxb7 Qxe5 27.
Rxd7 1-0

[Event "Philadelphia International"]
[Site "Philadelphia"]
[Date "2012.07.03"]
[Round "9.3"]
[White "Romanov, Evgeny"]
[Black "Smith, Bryan"]
[Result "1-0"]
[ECO "A65"]
[WhiteElo "2631"]
[BlackElo "2444"]
[PlyCount "53"]
[EventDate "2012.07.??"]
[EventType "swiss"]
[EventRounds "9"]
[EventCountry "USA"]
[Source "MonRoi"]
[TimeControl "6000+1125"]
[WhiteClock "0:32:13"]
[BlackClock "0:20:04"]

1. d4 Nf6 2. c4 c5 3. d5 e6 4. Nc3 exd5 5. cxd5 d6 6. e4 g6 7. Bd3 Bg7 8. Nge2
O-O 9. O-O Ng4 10. h3 Ne5 11. Bc2 Na6 12. f4 Nc4 13. b3 Na5 14. f5 b5 15. Bf4
Nb4 16. Bb1 c4 17. Be3 Bd7 18. Bd4 Bxd4+ 19. Nxd4 Qb6 20. Nce2 Rac8 21. Qd2
cxb3 22. Qh6 Bxf5 23. exf5 Nxd5 24. fxg6 fxg6 25. Bxg6 hxg6 26. Qxg6+ Kh8 27.
Qh5+ 1-0

[Event "Philadelphia International"]
[Site "Philadelphia"]
[Date "2012.07.03"]
[Round "9.4"]
[White "Bosiocici, Marin"]
[Black "Jankovic, Alojzije"]
[Result "1/2-1/2"]
[ECO "D10"]
[WhiteElo "2555"]
[BlackElo "2564"]
[PlyCount "30"]
[EventDate "2012.07.??"]
[EventType "swiss"]
[EventRounds "9"]
[EventCountry "USA"]
[Source "MonRoi"]
[TimeControl "6000+105"]
[WhiteClock "1:32:29"]
[BlackClock "1:30:37"]

1. d4 d5 2. c4 c6 3. cxd5 cxd5 4. Nc3 Nf6 5. Bf4 Nc6 6. e3 a6 7. Bd3 e6 8. Rc1
Be7 9. h3 O-O 10. Nf3 Bd7 11. O-O b5 12. Ne5 Rc8 13. a4 b4 14. Nxd7 Qxd7 15.
Nb1 Na5 1/2-1/2